 Dungeon Crawl Stone Soup version 0.30-a0-170-g85af917532 (webtiles) character file.

Game seed: 5763443833292095672

25 qw the Shield-Bearer (level 3, 0/23 HPs)
             Began as a Gargoyle Fighter on Oct 1, 2022.
             Slain by a goblin
             ... wielding a +0 club
             ... led by Robin
              (1 damage)
             ... on level 2 of the Dungeon.
             The game lasted 00:00:14 (471 turns).

qw the Shield-Bearer (Gargoyle Fighter)              Turns: 471, Time: 00:00:14

Health: 0/23       AC: 10    Str: 21    XL:     3   Next: 4%
Magic:  3/3        EV:  9    Int:  8    God:
Gold:   19         SH:  4    Dex:  9    Spells: 2/2 levels left

rFire   . . .      SeeInvis .    a - +0 war axe
rCold   . . .      Faith    .    c - +0 buckler
rNeg    + . .      Spirit   .    b - +0 scale mail
rPois   inf        Reflect  .    (no helmet)
rElec   +          Harm     .    (no cloak)
rCorr   .          Rampage  .    (no gloves)
Will    .....                    (no boots)
Stlth   ..........               (no amulet)
HPRegen 0.07/turn                (no ring)
MPRegen 0.08/turn                (no ring)

@: no status effects
A: sickness immunity, AC +3, negative energy resistance 1, electricity
resistance, torment resistance 1, petrification resistance
a: no special abilities


You were on level 2 of the Dungeon.
You visited 1 branch of the dungeon, and saw 2 of its levels.

You collected 19 gold pieces.


Innate Abilities, Weirdness & Mutations

You are immune to sickness and miasma.
Your stone body is resilient. (AC +3)
You are immune to poison.
You resist negative energy. (rN+)
You are resistant to electric shocks. (rElec)
You are resistant to unholy torment.
You are immune to petrification.


   Skills:
 - Level 3.2 Fighting
 + Level 3.1 Axes
 - Level 3.2 Armour
 - Level 3.2 Shields


You had 2 spell levels left.
You didn't know any spells.
Your spell library was empty.

Inventory:

Hand Weapons
 a - a +0 war axe (weapon)
 f - a +0 mace
Armour
 b - a +0 scale mail (worn)
 c - a +0 buckler (worn)
 j - +0 shadow dragon scales
Jewellery
 e - an amulet of faith
 k - a ring of magical power
Scrolls
 g - a scroll of amnesia {unknown}
 h - 2 scrolls of vulnerability {unknown}
 i - a scroll of identify {unknown}
Potions
 d - a potion of might

Dungeon Overview and Level Annotations

Branches:
Dungeon (1/15)

Altars:


Message History

Your Axes skill increases to level 3!
You barely miss the goblin. You hit the goblin but do no damage.
The goblin hits you but does no damage. The goblin hits you with a +0 dagger.
The goblin hits you but does no damage. The goblin hits you with a +0 dagger.
You hit the goblin.
The goblin is heavily wounded.
You closely miss the goblin. You closely miss the hobgoblin.
The goblin hits you but does no damage. The hobgoblin hits you.
The goblin closely misses you.
You hit the goblin.
You kill the goblin!
You miss the goblin. You hit the hobgoblin but do no damage.
The hobgoblin barely misses you. The goblin hits you but does no damage.
You closely miss the goblin. You hit the goblin.
You kill the goblin!
You hit the hobgoblin.
The hobgoblin hits you but does no damage.
The goblin hits you but does no damage. You block the hobgoblin's attack.
The goblin hits you with a +0 club. The goblin barely misses you.
You have reached level 3!
Your experience leads to an increase in your attributes!
Increase (S)trength, (I)ntelligence, or (D)exterity?
You feel stronger. x2
You barely miss the hobgoblin.
The hobgoblin is severely wounded.
You barely miss the goblin. You hit the goblin.
The hobgoblin hits you but does no damage.
A goblin comes into view. It is wielding a +0 club.
The goblin hits you but does no damage. x2
You slash the goblin!
You kill the goblin!
You closely miss the hobgoblin. You closely miss the goblin.
The hobgoblin hits you.
The goblin unwields a +0 club.
The goblin wields a +0 sling.
The goblin shoots a sling bullet.
The sling bullet hits you. The goblin barely misses you.
You slash the hobgoblin!
You kill the hobgoblin!
You barely miss the goblin. The goblin hits you with a +0 club.
You die...

####### #######
#.....##g.....g
##.#....@)#
#......##...#
#..#.#.# ####
#..#.#.#
#......#
#.#....#
#>##.#.#
#.##.#.##
#.......##


You could see 2 goblins.

Vanquished Creatures
  2 dart slugs (D:1)
  3 ball pythons (D:1)
  2 bats (D:1)
  An endoplasm (D:1)
  A giant cockroach (D:1)
  4 goblins (D:2)
  2 hobgoblins (D:2)
  A quokka (D:1)
  2 frilled lizards
  A rat (D:1)
19 creatures vanquished.

Notes
Turn   | Place    | Note
-------+----------+-------------------------------------------
     0 | D:1      | qw the Gargoyle Fighter began the quest for the Orb.
     0 | D:1      | Reached XP level 1. HP: 14/14 MP: 1/1
     0 | D:1      | 0 ||| qw: Version: 0.2-a-13-gfc7b4b4
     0 | D:1      | 0 ||| qw: Game counter: 1743
     0 | D:1      | 0 ||| qw: Always use a shield: true
     0 | D:1      | 0 ||| qw: God list: Okawaru
     0 | D:1      | 0 ||| qw: Allow faded altars: false
     0 | D:1      | 0 ||| qw: Do Orc after D:15 true
     0 | D:1      | 0 ||| qw: Do second Lair branch before Depths: true
     0 | D:1      | 0 ||| qw: Lair rune preference: random
     0 | D:1      | 0 ||| qw: Plans: Normal, Zot:1-4, God:TSO, Crypt, Tomb,
                  | Pan, Slime:5, Hells, Abyss, Orb
     0 | D:1      | 0 ||| PLANNING D:1-11
    79 | D:1      | 79 ||| Stepping ~*~*~tactically~*~*~ (hiding).
   190 | D:1      | 190 ||| Stepping ~*~*~tactically~*~*~ (stealth).
   197 | D:1      | Reached XP level 2. HP: 19/19 MP: 2/2
   410 | D:1      | You fall into a shaft and drop 1 floor!
   453 | D:2      | 453 ||| Stepping ~*~*~tactically~*~*~ (stealth).
   465 | D:2      | Reached skill level 3 in Axes
   468 | D:2      | HP: 3/19 [goblin/+0 club[Robin] (4)]
   469 | D:2      | Reached XP level 3. HP: 4/23 MP: 3/3
   470 | D:2      | HP: 1/23 [goblin/sling bullet[Robin] (2)]
   471 | D:2      | Slain by a goblin

Levels and vault maps discovered:
D:1:      evilmike_arrival_hilbert_curve, layout_loops_ring,
          minmay_misc_feat_secret_circle, minmay_misc_feat_room
D:2:      layout_loops_corners, basic_ecumenical_altar, uniq_robin

Skill      XL: |  1  2 |
---------------+-------+-----
Axes           | 2 3 |  3.1
Fighting       | |  3.2
Armour         | |  3.2
Shields        | |  3.2

Action                   || total
-------------------------++-------
Melee: War axe           ||    50
Armor: Scale mail        ||    26
Dodge: Dodged            ||    29
Block: Buckler           ||    13

Table legend:
 A = Non-vault XP
 B = Vault XP
 C = Vault XP percentage of total XP
 D = Non-vault monster count
 E = Vault monster count
 F = Vault count percentage of total count
                 A         B        C        D         E       F
            +---------+---------+-------+---------+---------+-------
      Total |      26 |      12 |  31.6 |      13 |       6 |  31.6
            +---------+---------+-------+---------+---------+-------
        D:1 |      25 |       0 |   0.0 |      12 |       0 |   0.0
        D:2 |       1 |      12 |  92.3 |       1 |       6 |  85.7
            +---------+---------+-------+---------+---------+-------
